 Dungeon Crawl Stone Soup version 0.30-a0-159-g068b764562 (webtiles) character file.

Game seed: 8552540938465876920

193 qw the Chopper (level 5, -15/32 HPs)
             Began as a Gargoyle Fighter on Sept 27, 2022.
             Killed from afar by Ijyb (23 damage)
             ... with a bolt of dispelling energy
             ... on level 3 of the Dungeon.
             The game lasted 00:00:55 (2843 turns).

qw the Chopper (Gargoyle Fighter)                   Turns: 2843, Time: 00:00:56

Health: -15/32     AC: 10    Str: 22    XL:     5   Next: 72%
Magic:  5/5        EV:  9    Int:  8    God:
Gold:   90         SH:  4    Dex:  9    Spells: 4/4 levels left

rFire   . . .      SeeInvis +    Y - +4 war axe (vorpal)
rCold   . . .      Faith    .    c - +0 buckler
rNeg    + . .      Spirit   .    b - +0 scale mail
rPois   inf        Reflect  .    (no helmet)
rElec   +          Harm     .    (no cloak)
rCorr   .          Rampage  .    (no gloves)
Will    .....                    (no boots)
Stlth   ..........               (no amulet)
HPRegen 0.10/turn                n - ring of see invisible
MPRegen 0.09/turn                (no ring)

@: no status effects
A: sickness immunity, AC +4, negative energy resistance 1, electricity
resistance, torment resistance 1, petrification resistance
a: no special abilities


You were on level 3 of the Dungeon.
You visited 1 branch of the dungeon, and saw 3 of its levels.

You collected 90 gold pieces.


Innate Abilities, Weirdness & Mutations

You are immune to sickness and miasma.
Your stone body is resilient. (AC +4)
You are immune to poison.
You resist negative energy. (rN+)
You are resistant to electric shocks. (rElec)
You are resistant to unholy torment.
You are immune to petrification.


   Skills:
 + Level 3.5 Fighting
 - Level 5.1 Axes
 - Level 3.2 Armour
 - Level 3.2 Shields


You had 4 spell levels left.
You didn't know any spells.
Your spell library was empty.

Inventory:

Hand Weapons
 a - a +0 flail
 Y - a +4 vorpal war axe (weapon)
Missiles
 g - 2 boomerangs (quivered)
Armour
 b - a +0 scale mail (worn)
 c - a +0 buckler (worn)
 f - a +0 chain mail
Jewellery
 e - a ring of ice
 n - a ring of see invisible (left hand)
Scrolls
 h - a scroll of identify
Potions
 d - 2 potions of might
 j - a potion of berserk rage {unknown}
 k - 5 potions of curing {unknown}
 l - a potion of mutation {unknown}
 m - a potion of haste {unknown}
 o - a potion of flight {unknown}

Dungeon Overview and Level Annotations

Branches:
Dungeon (3/15)

Altars:
Nemelex Xobeh

Annotations:
D:3 Ijyb


Message History

Throw: 2 boomerangs
Press: ? - help, Q - select action Shift-Dir - straight line, f/p - orc You throw a boomerang.
The boomerang hits the orc.
The orc is almost dead.
An endoplasm comes into view.
The endoplasm quivers.
You slash the orc!
You kill the orc!
You slash the endoplasm!
You kill the endoplasm!
Things that are here:
a +0 club; an orc corpse
Found a sparkling altar of Nemelex Xobeh.
There is an open door here.
There is an open door here.
There is an open door here.
There is an open door here.
Ijyb the Twisted Goblin comes into view.
She is wielding a +0 club and carrying a wand of quicksilver (8).
Ijyb shouts!
You closely miss Ijyb. Ijyb hits you but does no damage.
You hit Ijyb.
Ijyb is lightly wounded.
Ijyb zaps a wand.
The bolt of dispelling energy hits you!
You closely miss Ijyb.
Ijyb is lightly wounded.
Ijyb barely misses you.
Ijyb zaps a wand.
The bolt of dispelling energy hits you!
You closely miss Ijyb.
Ijyb is lightly wounded.
Ijyb screams, "Level is mine!
All mine!"
Ijyb zaps a wand.
The bolt of dispelling energy hits you.
2843 ||| READING scroll of teleportation.
As you read the scroll of teleportation, it crumbles to dust.
You feel strangely unstable.
Ijyb zaps a wand.
The bolt of dispelling energy hits you!!
You feel strangely stable.
Ouch! That really hurt!
You die...

## .# .# .# ###.#
####.g#.## #....@##.#
#..###....# ##..
##.##.#.# #.##....
#...#...##
..#.....####.####..#
###.....##..#'#..##.#
.'.....#..^'.'._.#.#
#.....##.##.##.##.#
#.....###)#.###..#


You could see Ijyb.

Vanquished Creatures
  2 orc wizards (D:3)
  Natasha (D:3)
  5 adders
  2 dart slugs (D:1)
  8 orcs (D:3)
  7 ball pythons
  5 bats (D:1)
  6 endoplasms
  A giant cockroach (D:3)
  6 hobgoblins
  5 jackals
  4 kobolds
  2 quokkas (D:1)
  3 frilled lizards
  A goblin (D:3)
  5 rats
63 creatures vanquished.

Notes
Turn   | Place    | Note
-------+----------+-------------------------------------------
     0 | D:1      | qw the Gargoyle Fighter began the quest for the Orb.
     0 | D:1      | Reached XP level 1. HP: 14/14 MP: 1/1
     0 | D:1      | 0 ||| qw: Version: 0.2-a-10-g37ed214
     0 | D:1      | 0 ||| qw: Game counter: 559
     0 | D:1      | 0 ||| qw: Always use a shield: true
     0 | D:1      | 0 ||| qw: God list: Okawaru
     0 | D:1      | 0 ||| qw: Allow faded altars: false
     0 | D:1      | 0 ||| qw: Do Orc after D:15 true
     0 | D:1      | 0 ||| qw: Do second Lair branch before Depths: true
     0 | D:1      | 0 ||| qw: Lair rune preference: random
     0 | D:1      | 0 ||| qw: Plans: Normal, Zot:1-4, God:TSO, Crypt, Tomb,
                  | Pan, Slime:5, Hells, Abyss, Orb
     0 | D:1      | 0 ||| PLANNING D:1-11
    49 | D:1      | Reached skill level 2 in Axes
    86 | D:1      | Reached XP level 2. HP: 11/19 MP: 2/2
   504 | D:1      | 504 ||| Stepping ~*~*~tactically~*~*~ (stealth).
   505 | D:1      | 505 ||| Stepping ~*~*~tactically~*~*~ (stealth).
   644 | D:1      | Reached skill level 3 in Axes
   667 | D:1      | Reached XP level 3. HP: 23/23 MP: 3/3
  1042 | D:1      | 1042 ||| READING scroll labelled YBRIOS XOUPSEIJEN.
  1043 | D:1      | 1043 ||| READING 2 scrolls labelled YCAONU ZAFUGUNU.
  1044 | D:1      | 1044 ||| READING 3 scrolls labelled YTEUPH ROECW.
  1045 | D:1      | 1045 ||| READING 2 scrolls of enchant weapon.
  1045 | D:1      | 1045 ||| ENCHANTING +1 war axe.
  1046 | D:1      | 1046 ||| READING scroll of enchant weapon.
  1046 | D:1      | 1046 ||| ENCHANTING +2 war axe.
  1047 | D:1      | 1047 ||| READING 3 scrolls labelled COFUOGRIPTI.
  1048 | D:1      | 1048 ||| READING scroll labelled TORATZODGHO.
  1053 | D:1      | 1053 ||| DROPPING 2 scrolls of magic mapping.
  1064 | D:2      | 1064 ||| STAIRDANCE
  1510 | D:2      | 1510 ||| Stepping ~*~*~tactically~*~*~ (stealth).
  1568 | D:2      | Reached XP level 4. HP: 25/28 MP: 4/4
  1963 | D:2      | 1963 ||| UPGRADING to ring of see invisible.
  1964 | D:2      | 1964 ||| READING scroll labelled BADOAV KEODA.
  1965 | D:2      | 1965 ||| READING scroll labelled LODUTZ ZEOGH.
  1966 | D:2      | 1966 ||| READING scroll labelled DISTRO TATSAIKU.
  1967 | D:2      | 1967 ||| READING 2 scrolls of identify.
  1967 | D:2      | 1967 ||| IDENTIFYING puce potion
  1968 | D:2      | 1968 ||| DROPPING potion of degeneration.
  2015 | D:3      | 2015 ||| Stepping ~*~*~tactically~*~*~ (hiding).
  2018 | D:3      | 2018 ||| Stepping ~*~*~tactically~*~*~ (hiding).
  2020 | D:3      | Reached skill level 4 in Axes
  2046 | D:3      | 2046 ||| Stepping ~*~*~tactically~*~*~ (stealth).
  2047 | D:3      | 2047 ||| Stepping ~*~*~tactically~*~*~ (stealth).
  2048 | D:3      | 2048 ||| DROPPING +0 club.
  2090 | D:3      | Reached XP level 5. HP: 32/32 MP: 5/5
  2123 | D:3      | Noticed Natasha
  2136 | D:3      | Killed Natasha
  2301 | D:3      | 2301 ||| READING scroll of enchant weapon.
  2301 | D:3      | 2301 ||| ENCHANTING +3 vorpal war axe.
  2396 | D:3      | Reached skill level 5 in Axes
  2815 | D:3      | Found a sparkling altar of Nemelex Xobeh.
  2837 | D:3      | Noticed Ijyb
  2842 | D:3      | HP: 8/32 [Ijyb/bolt of dispelling energy (3)]
  2843 | D:3      | 2843 ||| READING scroll of teleportation.
  2843 | D:3      | Killed from afar by Ijyb

Levels and vault maps discovered:
D:1:      psy_arrival_basics, layout_basic
D:2:      layout_basic
D:3:      layout_loops_corners, nemelex_dance_club_becter, uniq_natasha,
          uniq_ijyb

Skill      XL: |  1  2  3  4  5 |
---------------+----------------+-----
Axes           | 2 3 4 5 |  5.1
Fighting       | |  3.5
Armour         | |  3.2
Shields        | |  3.2

Action                   |  1- 3 |  4- 6 || total
-------------------------+-------+-------++-------
Melee: War axe           |   120 |    69 ||   189
Throw: Boomerang         |       |     8 ||     8
  Use: Scroll            |     7 |     6 ||    13
 Stab: Distracted        |     1 |       ||     1
Armor: Scale mail        |    71 |    32 ||   103
Dodge: Dodged            |    49 |    36 ||    85
Block: Buckler           |    17 |    11 ||    28

Table legend:
 A = Non-vault XP
 B = Vault XP
 C = Vault XP percentage of total XP
 D = Non-vault monster count
 E = Vault monster count
 F = Vault count percentage of total count
                 A         B        C        D         E       F
            +---------+---------+-------+---------+---------+-------
      Total |     237 |      40 |  14.4 |      60 |       3 |   4.8
            +---------+---------+-------+---------+---------+-------
        D:1 |      58 |       0 |   0.0 |      25 |       0 |   0.0
        D:2 |      38 |       0 |   0.0 |      11 |       0 |   0.0
        D:3 |     141 |      40 |  22.1 |      24 |       3 |  11.1
            +---------+---------+-------+---------+---------+-------
